 Dungeon Crawl Stone Soup version 0.29-a0-504-gec6baf379c (console) character file.

Game seed: 18020164203201740737

15728 Faeu the Fighter (level 12, 0/118 HPs)
             Began as a Minotaur Berserker on May 28, 2022.
             Was an Elder of Trog.
             Blown up by an eye of devastation (27 damage)
             ... with a bolt of energy
             ... on level 13 of the Dungeon.
             The game lasted 00:40:31 (14098 turns).

Faeu the Fighter (Minotaur Berserker)              Turns: 14098, Time: 00:40:32

Health: 0/118      AC: 20    Str: 32    XL:     12   Next: 3%
Magic:  0/2        EV: 11    Int:  4    God:    Trog [****..]
Gold:   701        SH:  0    Dex: 23    Spells: 11/11 levels left

rFire   . . .      SeeInvis .   s - +3 flail {mace}
rCold   . . .      Faith    .   (no shield)
rNeg    . . .      Spirit   +   Y - +2 chain mail "Xefranex" {Dex+9}
rPois   +          Reflect  .   (helmet restricted)
rElec   .          Harm     .   b - +1 cloak
rCorr   +          Rampage  .   O - +0 pair of gloves
Will    .....                   L - +0 pair of boots
Stlth   ..........              N - amulet of guardian spirit
HPRegen 0.29/turn               M - ring of the Suburbs {rPois rCorr MP-9 Str+6 Dex+3}
MPRegen 0.08/turn               y - ring of poison resistance

@: on berserk cooldown, slowed, very slow
A: horns 2, retaliatory headbutt
a: Renounce Religion, Berserk, Trog's Hand, Brothers in Arms


You were on level 13 of the Dungeon.
You worshipped Trog.
Trog was greatly pleased with you.
You visited 1 branch of the dungeon, and saw 13 of its levels.
You visited the Abyss 1 time.
You also visited: Sewer and Gauntlet.

You collected 701 gold pieces.


Innate Abilities, Weirdness & Mutations

You have a pair of horns on your head.
You reflexively headbutt those who attack you in melee.


   Skills:
 + Level 14.7 Fighting
 - Level 14.6 Maces & Flails
 + Level 12.1 Armour
 - Level 2.1 Dodging


You had 11 spell levels left.
You didn't know any spells.
Your spell library contained the following spells:

 Spells                   Type           Power      Damage    Failure   Level
 Ensorcelled Hibernation  Hex/Ice        0%         N/A       96%         2
 Passwall                 Tmut/Erth      0%         N/A       96%         2
 Static Discharge         Conj/Air       0%         N/A       96%         2
 Dazzling Flash           Conj/Hex       0%         N/A       99%         3
 Swiftness                Air            0%         N/A       99%         3
 Dispel Undead            Necr           0%         3d6       100%        4
 Iskenderun's Mystic Bla  Conj/Tloc      0%         2d3       100%        4
 Sticky Flame             Conj/Fire      0%         2d3       100%        4
 Iskenderun's Battlesphe  Conj           0%         2d6       100%        5
 Iron Shot                Conj/Erth      0%         9d1       100%        6
 Starburst                Conj/Fire      0%         6d3       100%        6
 Spellforged Servitor     Conj/Summ      0%         N/A       100%        7

Inventory:

Hand Weapons
 s - a +3 flail (weapon) {mace}
   (You took it off a wight on level 8 of the Dungeon)
 v - a +2 dagger of draining {short}
   (You took it off Sonja on level 11 of the Dungeon)
 z - the +1 trident of Balance {venom, Fly Will- Int+2 SInv, polearm}
   (You took it off an orc wizard on level 3 of the Dungeon)

   It poisons the flesh of those it strikes.
   Int:       It affects your intelligence (+2).
   SInv:      It lets you see invisible.
   Fly:       It grants you flight.
   Will:      It decreases your willpower.
 S - a +4 scimitar of flaming {long}
   (You took it off an efreet on level 14 of the Dungeon)
 Z - a +3 great mace {mace}
   (You took it off a death knight on level 14 of the Dungeon)
Missiles
 E - 5 curare-tipped darts (quivered) {=fthrowing}
Armour
 a - a +1 ring mail of poison resistance
   (You found it on level 10 of the Dungeon)
 b - a +1 cloak (worn)
   (You found it on level 6 of the Dungeon)
 L - a +0 pair of boots (worn)
   (You found it on level 9 of the Dungeon)
 O - a +0 pair of gloves (worn)
   (You found it on level 3 of the Dungeon)
 V - a +0 chain mail
   (You found it on level 14 of the Dungeon)
 X - a +0 plate armour
   (You took it off a death knight on level 14 of the Dungeon)
 Y - the +2 chain mail "Xefranex" (worn) {Dex+9}
   (You found it on level 4 of the Dungeon)

   Dex:       It affects your dexterity (+9).
Jewellery
 q - a ring of willpower
   (You found it on level 2 of the Dungeon)
 y - a ring of poison resistance (right hand)
   (You found it on level 3 of the Dungeon)
 M - the ring of the Suburbs (left hand) {rPois rCorr MP-9 Str+6 Dex+3}
   (You took it off an orc on level 7 of the Dungeon)

   [ring of strength]

   Str:       It affects your strength (+6).
   Dex:       It affects your dexterity (+3).
   rPois:     It protects you from poison.
   MP:        It affects your magic capacity (-9).
   rCorr:     It protects you from acid and corrosion.
 N - an amulet of guardian spirit (around neck)
   (You found it on level 3 of the Dungeon)
 U - an amulet of the acrobat
   (You found it on level 4 of the Dungeon)
Wands
 f - a wand of iceblast (6)
   (You found it on level 11 of the Dungeon)
 T - a wand of digging (5)
   (You found it on level 11 of the Dungeon)
Scrolls
 c - 3 scrolls of fear
 d - a scroll of torment {unknown}
 g - 14 scrolls of teleportation {@r4}
 h - 3 scrolls of fog
 i - 2 scrolls of poison
 k - a scroll of summoning {unknown}
 l - a scroll of magic mapping {unknown}
 o - 3 scrolls of vulnerability {!r!r}
 t - a scroll of noise {unknown}
 D - 4 scrolls of blinking {!r}
 G - a scroll of enchant armour {unknown}
 H - 3 scrolls of brand weapon
 I - 2 scrolls of immolation {!r!r}
 Q - 3 scrolls of enchant weapon
 W - a scroll of silence {unknown}
Potions
 e - 2 potions of magic {unknown}
 j - a potion of berserk rage {unknown}
 m - 4 potions of lignification {unknown}
 n - 7 potions of curing {@q1}
 p - 4 potions of degeneration {!q@e2}
 r - a potion of ambrosia {unknown}
 u - a potion of attraction {unknown}
 w - a potion of mutation {unknown}
 x - 3 potions of haste {unknown}
 B - a potion of cancellation {unknown}
 C - 2 potions of resistance {unknown}
 F - 5 potions of heal wounds {unknown}
 P - 3 potions of flight {unknown}
 R - a potion of might {unknown}

Dungeon Overview and Level Annotations

Branches:
Dungeon (14/15)            Temple (0/1) D:6            Lair (0/6) D:10
  Sewer (visited)         Gauntlet (visited)
    Orc: D:9-12      Vaults: D:13-14

Altars:

Shops:
D:5 !

Annotations:
D:4 3 runed translucent doors, Crazy Yiuf; flestrin's ghost, amateur DrGl
D:14 Roxanne

############# ###
#.....>..?..##..#######
#..........##....##....
#.........##......##...
#.........'........#...
##.....###.'.......:#...
#......@p.?##......##..#
#......#G...##....##...#
#......#.....##..##....#
#......#......####......
#......#......'.........
#.......#......#.........
#.......#......#.........
........######.#.........
......... #.#.........
..####### #.###.........
+.............


You could see an eye of devastation and a wizard.


Message History

You headbutt the thrashing horror.
The thrashing horror closely misses you.
You furiously retaliate!
You headbutt the thrashing horror! The thrashing horror barely misses you.
A wretched star comes into view.
The smoke demon hits you but does no damage.
The smoke demon misses you. The smoke demon hits you. 😮 HP[-2]
You take 2 damage, and now have 62/118 hp.
A red film seems to cover your vision as you go berserk!
You feel yourself moving faster!
You feel mighty! The thrashing horror barely misses you.
You furiously retaliate!
You headbutt the thrashing horror.
You destroy the thrashing horror!
That felt strangely unrewarding.
The wretched star glows turbulently.
The lance of force misses you.
The smoke demon hits you but does no damage. x2
The smoke demon barely misses you. 😮 HP[+32]
You now have 177 max hp (+59).
You regained 32 hp, and now have 94/177 hp.
You hit the smoke demon.
The wretched star glows turbulently.
The lance of force hits you!
* * * LOW HITPOINT WARNING * * *
You are knocked back by the lance of force.
You slam into the rock wall!
* * * LOW HITPOINT WARNING * * *
😨 HP[-21]
You take 21 damage, and now have 73/177 hp.
You sock the smoke demon! You headbutt the smoke demon!!
The smoke demon hits you.
* * * LOW HITPOINT WARNING * * *
The smoke demon hits you but does no damage.
The smoke demon closely misses you. 😨 HP[-2]
You take 2 damage, and now have 71/177 hp.
You sock the smoke demon!
You kill the smoke demon!
That felt strangely unrewarding.
You bludgeon the wretched star!! You headbutt the wretched star.
You sock the wretched star!
You punch the wretched star, but do no damage.
The wretched star glows turbulently.
The lance of force hits you!
* * * LOW HITPOINT WARNING * * *
You are knocked back by the lance of force.
You slam into the rock wall!
* * * LOW HITPOINT WARNING * * *
😨 HP[-20]
You take 20 damage, and now have 51/177 hp.
You bludgeon the wretched star!!
A starcursed mass splits.
You thump the wretched star!
You feel the power of Trog in you as your rage grows.
You destroy the wretched star!
That felt strangely unrewarding. 😨 HP[+1]
The starcursed mass shrieks in your mind.
* * * LOW HITPOINT WARNING * * *
😱 HP[-8]
You take 8 damage, and now have 44/177 hp.
You bludgeon the starcursed mass!! You headbutt the starcursed mass!
The starcursed mass shudders and is absorbed by its neighbour. 😱 MP[+1]
Your mp is fully restored (2).
You sock the starcursed mass! You hit the starcursed mass.
You headbutt the starcursed mass!
A starcursed mass splits.
The starcursed mass shrieks in your mind.
* * * LOW HITPOINT WARNING * * *
😱 HP[-6] MP[-1]
You take 6 damage, and now have 38/177 hp.
You lost 1 mp, and now have 1/2 mp.
You bludgeon the starcursed mass!! You headbutt the starcursed mass.
You punch the starcursed mass!
The starcursed mass shudders and is absorbed by its neighbour.
You sock the starcursed mass! You headbutt the starcursed mass!
You completely miss the starcursed mass.
The starcursed mass touches you but does no damage.
You bludgeon the starcursed mass!! 😱 HP[+1]
You hit the starcursed mass.
You destroy the starcursed mass!
That felt strangely unrewarding.
The substance of the Abyss twists violently, and a gateway leading out appears!
An eye of devastation comes into view.
You feel a strong urge to attack something.
You are no longer berserk.
You are exhausted.
You feel yourself slow down.
You pass through the gate.
Welcome back to the Dungeon!
There is an open door here. 😱 HP[-13]
You now have 118 max hp (-59).
You closely miss the wizard. The wizard hits you but does no damage.
The eye of devastation gazes at you. The bolt of energy hits you!!
You die...

Skill      XL: |  1  2  3  4  5  6  7  8  9 10 11 |
---------------+----------------------------------+-----
Fighting       | 4 5 6 7 9 10 11 13 14 | 14.7
Maces & Flails | 4 5 6 7 9 10 11 13 14 | 14.6
Armour         | 4 7 9 12 | 12.1
Dodging        | |  2.1

Action                   |  1- 3 |  4- 6 |  7- 9 | 10-12 || total
-------------------------+-------+-------+-------+-------++-------
Melee: Mace              |    83 |   125 |   149 |       ||   357
       Headbutt          |    14 |     9 |    61 |    87 ||   171
       Punch             |       |     1 |     8 |     4 ||    13
       Trident           |       |       |    86 |       ||    86
       Flail             |       |       |    54 |   320 ||   374
Invok: Berserk           |     2 |     2 |     5 |    11 ||    20
Evoke: Wand              |       |       |       |     2 ||     2
  Use: Scroll            |     1 |       |       |    10 ||    11
 Stab: Distracted        |       |       |       |     3 ||     3
Armor: Animal skin       |     8 |       |       |       ||     8
       Scale mail        |     1 |    46 |    23 |       ||    70
       Chain mail        |       |       |   152 |   132 ||   284
Dodge: Dodged            |    47 |    73 |   109 |    93 ||   322

Levels and vault maps discovered:
D:1:      lightli_arrival_farm, layout_basic, chequers_serial_rivers_room_a,
          minmay_misc_feat_secret_circle
D:2:      layout_loops_ring, minmay_stone_trees_medium
D:3:      layout_loops_cross, portal_sewer_entry_f, minmay_joined_circles,
          uniq_terence, uniq_grinder
D:4:      layout_basic, ebering_ghost_disaster_area, uniq_sigmund,
          uniq_crazy_yiuf_cottage, uniq_menkaure
D:5:      layout_loops_ring, mainiacjoe_overflow_surrounded_room, serial_shops,
          nicolae_stop_n_shop_1, kennysheep_small_circle
D:6:      layout_basic, minmay_temple_entry_slanted, st_stairs_9
D:7:      layout_rooms
D:8:      layout_basic
D:9:      layout_loops_ring, serial_rivers, chequers_serial_rivers_micro_a,
          chequers_serial_rivers_micro_e, chequers_serial_rivers_small_b,
          chequers_serial_rivers_micro_a, chequers_serial_rivers_small_b,
          kennysheep_nub, kennysheep_generic_room_8
D:10:     layout_roguey, david_lair_generic
D:11:     layout_basic, uniq_sonja
D:13:     nicolae_hexawheel, layout_irregular_city, ximxim_vaults_locker_room,
          lightli_wizard_tower
D:14:     layout_layer_cave, moated_statue, gauntlet_entry_generic, uniq_roxanne

Notes
Turn   | Place    | Note
-------+----------+-------------------------------------------
     0 | D:1      | Faeu the Minotaur Berserker began the quest for the Orb.
     0 | D:1      | Reached XP level 1. HP: 19/19 MP: 0/0
     0 | D:1      | magus.rc [v1.9.6]
   367 | D:1      | Reached skill level 4 in Fighting
   367 | D:1      | Reached skill level 4 in Maces & Flails
   367 | D:1      | Reached XP level 2. HP: 27/27 MP: 1/1
   873 | D:2      | Reached XP level 3. HP: 29/34 MP: 2/2
  1484 | D:2      | Reached ** piety under Trog
  2075 | D:3      | Noticed Terence
  2079 | D:3      | Killed Terence
  2080 | D:3      | Reached skill level 5 in Fighting
  2080 | D:3      | Reached skill level 5 in Maces & Flails
  2080 | D:3      | Reached XP level 4. HP: 42/42 MP: 3/3
  2103 | D:3      | Noticed a scorpion
  2113 | D:3      | Killed a scorpion
  2184 | D:3      | Identified the +1 trident of Balance {venom, Fly Will-
                  | Int+2 SInv}
  2196 | D:3      | Reached XP level 5. HP: 35/50 MP: 4/4
  2245 | D:3      | Found a glowing drain.
  2285 | Sewer    | Entered a sewer
  2523 | Sewer    | Reached skill level 6 in Fighting
  2723 | Sewer    | Reached skill level 6 in Maces & Flails
  3096 | D:3      | Noticed Grinder
  3101 | D:3      | Killed Grinder
  3102 | D:3      | Reached XP level 6. HP: 58/58 MP: 5/5
  3421 | D:3      | Reached skill level 7 in Fighting
  3421 | D:3      | Reached skill level 7 in Maces & Flails
  3449 | D:3      | Reached *** piety under Trog
  3610 | D:4      | Reached XP level 7. HP: 66/66 MP: 6/6
  3809 | D:4      | Found a large runed translucent door.
  3809 | D:4      | Found a large runed translucent door.
  3810 | D:4      | Noticed flestrin's ghost (amateur DrGl)
  3859 | D:4      | Reached skill level 8 in Fighting
  4054 | D:4      | Noticed Menkaure
  4058 | D:4      | Killed Menkaure
  4059 | D:4      | Reached skill level 8 in Maces & Flails
  4365 | D:4      | Found a runed translucent door.
  4366 | D:4      | Noticed Crazy Yiuf
  4577 | D:4      | Identified the +2 chain mail "Xefranex" {Dex+9}
  4751 | D:4      | Noticed Sigmund
  4760 | D:4      | Killed Sigmund
  4761 | D:4      | Reached skill level 9 in Fighting
  4761 | D:4      | Reached skill level 9 in Maces & Flails
  4761 | D:4      | Reached XP level 8. HP: 78/78 MP: 7/7
  5179 | D:5      | Entered Level 5 of the Dungeon
  5179 | D:5      | Found Raokyl's Distillery.
  5558 | D:6      | Reached skill level 3 in Armour
  5978 | D:6      | Found a staircase to the Ecumenical Temple.
  6059 | D:6      | Reached skill level 4 in Armour
  6159 | D:6      | Reached **** piety under Trog
  6299 | D:7      | Reached skill level 10 in Fighting
  6299 | D:7      | Reached skill level 10 in Maces & Flails
  6343 | D:7      | Reached XP level 9. HP: 79/85 MP: 8/8
  6383 | D:7      | You pick up a book of Burglary {forbidden} and begin
                  | reading...
  6383 | D:7      | You add the spells Passwall, Ensorcelled Hibernation and
                  | Swiftness to your library.
  6430 | D:7      | Identified the ring of the Suburbs {rPois rCorr MP-9 Str+6
                  | Dex+3}
  6450 | D:7      | Reached skill level 5 in Armour
  7417 | D:8      | Reached skill level 6 in Armour
  7587 | D:8      | Identified the +5 ring mail of the Manifold Xeniums {Int+2
                  | SInv Stlth+}
  7817 | D:8      | Reached skill level 11 in Fighting
  7817 | D:8      | Reached skill level 11 in Maces & Flails
  8043 | D:9      | Noticed a centaur warrior
  8043 | D:9      | Noticed a two-headed ogre
  8049 | D:9      | Killed a centaur warrior
  8050 | D:9      | Reached skill level 7 in Armour
  8055 | D:9      | Killed a two-headed ogre
  8056 | D:9      | Reached XP level 10. HP: 97/97 MP: 6/9
  8192 | D:9      | Reached skill level 8 in Armour
  8414 | D:9      | You pick up a book of Power {forbidden} and begin
                  | reading...
  8414 | D:9      | You add the spells Iskenderun's Battlesphere, Iron Shot and
                  | Spellforged Servitor to your library.
  8503 | D:9      | Reached skill level 12 in Fighting
  8505 | D:9      | Reached skill level 12 in Maces & Flails
  9098 | D:10     | Entered Level 10 of the Dungeon
  9103 | D:10     | You pick up a book of Touch {forbidden} and begin
                  | reading...
  9103 | D:10     | You add the spells Static Discharge, Sticky Flame and
                  | Dispel Undead to your library.
  9343 | D:10     | Found a staircase to the Lair.
  9344 | D:10     | Noticed a death yak
  9352 | D:10     | Reached skill level 9 in Armour
  9365 | D:10     | Killed a death yak
  9489 | D:10     | Noticed a gargoyle
  9505 | D:10     | Killed a gargoyle
  9636 | D:10     | Reached skill level 13 in Fighting
  9636 | D:10     | Reached skill level 13 in Maces & Flails
 10144 | D:10     | Reached XP level 11. HP: 93/107 MP: 8/10
 10224 | D:11     | Reached skill level 10 in Armour
 10406 | D:11     | Noticed a six-headed hydra
 10416 | D:11     | Killed a six-headed hydra
 10634 | D:11     | Noticed Sonja
 10639 | D:11     | Killed Sonja
 11015 | D:11     | Noticed a white ugly thing
 11023 | D:11     | Killed a white ugly thing
 11070 | D:11     | You fall into a shaft and drop 3 floors!
 11115 | D:14     | Reached skill level 11 in Armour
 11136 | D:14     | Reached skill level 14 in Fighting
 11136 | D:14     | Reached skill level 14 in Maces & Flails
 11224 | D:14     | Noticed a death knight
 11237 | D:14     | HP: 33/165 [death knight/+3 great mace (21)]
 11238 | D:14     | Killed a death knight
 11380 | D:14     | Noticed a boulder beetle
 11387 | D:14     | Killed a boulder beetle
 11412 | D:14     | Found a gate leading to a gauntlet.
 11421 | Gauntlet | Entered a Gauntlet
 11421 | Gauntlet | Found a transporter.
 11421 | Gauntlet | Found a transporter.
 11570 | Gauntlet | Found a transporter.
 11572 | Gauntlet | Found a large runed translucent door.
 11573 | Gauntlet | Found a large runed translucent door.
 11574 | Gauntlet | Found a large runed translucent door.
 11574 | Gauntlet | Found a large runed translucent door.
 11574 | Gauntlet | Found a runed translucent door.
 11574 | Gauntlet | Found a runed translucent door.
 11575 | Gauntlet | Found a large runed translucent door.
 11575 | Gauntlet | Found a large runed translucent door.
 11575 | Gauntlet | Found a large runed translucent door.
 11575 | Gauntlet | Found a large runed translucent door.
 11576 | Gauntlet | Found a large runed translucent door.
 11576 | Gauntlet | Found a large runed translucent door.
 11577 | Gauntlet | Found a large runed translucent door.
 11577 | Gauntlet | Found a large runed translucent door.
 11578 | Gauntlet | Found a runed translucent gate.
 11578 | Gauntlet | Found a runed translucent gate.
 11578 | Gauntlet | Found a runed translucent gate.
 11580 | Gauntlet | Found a transporter.
 11580 | Gauntlet | Found a transporter.
 11586 | Gauntlet | Noticed a hell beast
 11590 | Gauntlet | Found a transporter.
 11590 | Gauntlet | Found a transporter.
 11590 | Gauntlet | Found a large runed translucent door.
 11591 | Gauntlet | Found a large runed translucent door.
 11593 | Gauntlet | Found a transporter.
 11631 | Gauntlet | Noticed a balrug
 11633 | Gauntlet | Found a transporter.
 11642 | Gauntlet | Found a transporter.
 11651 | Gauntlet | Found a transporter.
 11662 | Gauntlet | Found a large runed translucent door.
 11663 | Gauntlet | Found a large runed translucent door.
 11663 | Gauntlet | Found a transporter.
 11703 | Gauntlet | Found a transporter.
 11711 | Gauntlet | Noticed a thrashing horror
 11719 | Gauntlet | Found a transporter.
 11724 | Gauntlet | Noticed a thrashing horror
 11824 | Gauntlet | Found a transporter.
 11832 | Gauntlet | Noticed a death drake
 11838 | Gauntlet | Found a transporter.
 12300 | Gauntlet | magus.rc [v1.9.6]
 12705 | D:14     | You pick up a book of Spectacle {forbidden} and begin
                  | reading...
 12705 | D:14     | You add the spells Dazzling Flash, Iskenderun's Mystic
                  | Blast and Starburst to your library.
 12882 | D:14     | Noticed Roxanne
 12944 | D:13     | HP: 4/111 [cyclops/large rock (26)]
 13553 | D:13     | Reached skill level 12 in Armour
 13553 | D:13     | Reached XP level 12. HP: 113/118 MP: 2/11
 13767 | D:13     | You are cast into the Abyss!
 13767 | D:13     | Cast into level 2 of the Abyss (a wizard)
 13833 | Abyss:2  | Noticed a tentacled starspawn
 13843 | Abyss:2  | Noticed a starcursed mass
 13844 | Abyss:2  | Killed a tentacled starspawn
 13845 | Abyss:2  | Noticed a starcursed mass
 13853 | Abyss:2  | Paralysed by accursed screaming for 1 turns
 13855 | Abyss:3  | Found a corrupted altar of Lugonu.
 13880 | Abyss:3  | Noticed a starcursed mass
 13881 | Abyss:3  | Found a corrupted altar of Lugonu.
 13894 | Abyss:3  | Killed a starcursed mass
 14046 | Abyss:3  | Noticed a starcursed mass
 14084 | Abyss:3  | HP: 44/177 [starcursed mass/accursed screaming (8)]
 14094 | Abyss:3  | Killed a starcursed mass
 14097 | D:13     | You pass through the gate.
 14097 | D:13     | Escaped the Abyss
 14098 | D:13     | Blown up by an eye of devastation

Vanquished Creatures
  A tentacled starspawn (Abyss:2)
  A boulder beetle (D:14)
  A hydra (D:11)
  A two-headed ogre (D:9)
  A death knight (D:14)
  A centaur warrior (D:9)
  A death yak (D:10)
  3 thrashing horrors (Abyss:3)
  Sonja (D:11)
  A wretched star (Abyss:3)
  5 starcursed masses (Abyss:3)
  An ugly thing (D:11)
  3 cyclopes
  A black mamba (shapeshifter) (D:13)
  A smoke demon (Abyss:3)
  A gargoyle (D:10)
  A large abomination (Abyss:3)
  An efreet (D:14)
  6 slime creatures
  Grinder (D:3)
  Sigmund (D:4)
  4 wyverns
  A ynoxinul (Abyss:3)
  14 yaks
  A wraith (D:13)
  3 small abominations
  A basilisk (D:13)
  A steam dragon (D:7)
  9 vampire mosquitoes
  Menkaure (D:4)
  2 water moccasins
  An ice beast (D:6)
  2 orc warriors (D:7)
  2 black bears (D:10)
  An ogre (D:4)
  A centaur (D:6)
  3 kobold brigands (D:8)
  2 bullfrogs (D:7)
  2 necrophages
  4 scorpions
  4 wights
  9 killer bees
  6 howler monkeys
  A crimson imp (D:13)
  3 hounds
  4 orc priests
  4 jellies
  2 iguanas
  Terence (D:3)
  8 orc wizards
  3 gnolls (D:4)
  4 river rats (Sewer)
  8 adders
  6 worms
  A dart slug (D:1)
  33 orcs
  13 ball pythons
  9 endoplasms
  4 giant cockroaches
  7 goblins
  6 hobgoblins
  A jackal (D:3)
  6 quokkas
  2 bats
  10 frilled lizards
  27 kobolds
  8 rats
279 creatures vanquished.

Vanquished Creatures (others)
  A human (D:13)
  3 golden eyes (Abyss:3)
  17 demonic plants (Gauntlet)
  4 starspawn tentacles (Abyss:2)
  2 withered plants (Gauntlet)
27 creatures vanquished.

Grand Total: 306 creatures vanquished

Table legend:
 A = Non-vault XP
 B = Vault XP
 C = Vault XP percentage of total XP
 D = Non-vault monster count
 E = Vault monster count
 F = Vault count percentage of total count
                 A         B        C        D         E       F
            +---------+---------+-------+---------+---------+-------
      Total |   19349 |    3120 |  13.9 |     229 |      50 |  17.9
            +---------+---------+-------+---------+---------+-------
        D:1 |      30 |       0 |   0.0 |      18 |       0 |   0.0
        D:2 |      45 |       0 |   0.0 |      18 |       0 |   0.0
        D:3 |     147 |     420 |  74.1 |      16 |      24 |  60.0
        D:4 |     556 |     392 |  41.4 |      32 |       2 |   5.9
        D:5 |      86 |       0 |   0.0 |       2 |       0 |   0.0
        D:6 |     655 |      80 |  10.9 |      15 |       2 |  11.8
        D:7 |    1087 |       0 |   0.0 |      24 |       0 |   0.0
        D:8 |     620 |       0 |   0.0 |      23 |       0 |   0.0
        D:9 |    3951 |      35 |   0.9 |      18 |       1 |   5.3
       D:10 |    1404 |    1280 |  47.7 |      11 |       4 |  26.7
       D:11 |    4289 |     785 |  15.5 |      21 |       1 |   4.5
       D:13 |    2503 |      50 |   2.0 |       7 |       1 |  12.5
       D:14 |    3976 |       0 |   0.0 |       8 |       0 |   0.0
    Abyss:2 |       0 |       0 |   N/A |       2 |       0 |   0.0
    Abyss:3 |       0 |       0 |   N/A |      14 |       0 |   0.0
      Sewer |       0 |      78 | 100.0 |       0 |      15 | 100.0
            +---------+---------+-------+---------+---------+-------

Illustrated notes

Table legend:
 A = Kills in this place as a percentage of kills in entire the game.
 B = Kills by you in this place as a percentage of kills by you in the entire game.
 C = Kills by friends in this place as a percentage of kills by friends in the entire game.
 D = Other kills in this place as a percentage of other kills in the entire game.
 E = Experience gained in this place as a percentage of experience gained in the entire game.
 F = Experience gained in this place divided by the number of levels of this place that you have seen.
                   A       B       C       D       E      F
               +-------+-------+-------+-------+-------+----------------------
         Total | 100.0 | 100.0 |   N/A |   N/A | 100.0 | 1321.7
       Dungeon |  88.9 |  88.9 |   N/A |   N/A |  99.7 | 1722.4
         Abyss |   5.7 |   5.7 |   N/A |   N/A |   0.0 |   0.0
         Sewer |   5.4 |   5.4 |   N/A |   N/A |   0.3 |  78.0
               +-------+-------+-------+-------+-------+----------------------

Table legend: (Time is in decaauts)
 A = Elapsed time spent in this place.
 B = Non-inter-level travel time spent in this place.
 C = Inter-level travel time spent in this place.
 D = Time resting spent in this place.
 E = Time spent auto-exploring this place.
 F = Levels seen in this place.
 G = Mean time per level.
                   A        B        C        D        E       F      G
               +--------+--------+--------+--------+--------+-----+--------+
         Total |  14276 |  13995 |    281 |   1320 |   9521 |  17 |  839.8 |
       Dungeon |  12351 |  12070 |    281 |    916 |   8783 |  13 |  950.1 |
         Abyss |    318 |    318 |      0 |    137 |     32 |   2 |  159.0 |
         Sewer |    599 |    599 |      0 |    267 |    266 |   1 |  599.0 |
      Gauntlet |   1007 |   1007 |      0 |      0 |    439 |   1 | 1007.0 |
               +--------+--------+--------+--------+--------+-----+--------+

Top non-repeatable levels by time:
     D:4: 1621 daAuts
    D:14: 1309 daAuts
     D:2: 1231 daAuts
     D:9: 1131 daAuts
     D:6: 1083 daAuts
     D:7: 1051 daAuts
Gauntlet: 1007 daAuts
    D:11: 996 daAuts
     D:3: 995 daAuts
    D:10: 981 daAuts
     D:1: 887 daAuts
     D:8: 659 daAuts
   Sewer: 599 daAuts
    D:13: 373 daAuts
 Abyss:3: 235 daAuts
